 Dungeon Sprint DCSS version 0.30-a0-808-g6e0788376e (webtiles) character file.

Game seed: 16513870354719361922

216 rocky1 the Zephyrmancer (level 5, -10/28 HPs)
             Began as a Tengu Air Elementalist on Feb 26, 2023.
             Was an Initiate of Sif Muna.
             Mangled by a two-headed ogre
             ... wielding a +0 giant club
              (23 damage)
             ... in the Dungeon (Sprint IX: "|||||||||||||||||||||||||||||").
             The game lasted 00:01:34 (502 turns).

rocky1 the Zephyrmancer (Tengu Air Elementalist)     Turns: 502, Time: 00:01:35

Health: -10/28     AC:  6    Str: 11    XL:     5   Next: 93%
Magic:  2/14       EV: 14    Int: 17    God:    Sif Muna [......]
Gold:   0          SH:  0    Dex: 15    Spells: 6/16 levels left

rFire   . . .      SeeInvis .    (no weapon)
rCold   . . .      Faith    .    (no shield)
rNeg    . . .      Spirit   .    a - +0 robe
rPois   .          Reflect  .    (helmet restricted)
rElec   .          Harm     .    o - +0 cloak
rCorr   .          Rampage  .    n - +0 pair of gloves
Will    .....      NoTele   +    (boots unavailable)
Stlth   ++                       (no amulet)
HPRegen 0.24/turn                p - +2 ring of protection
MPRegen 0.14/turn                q - +3 ring of strength

@: swift, flying quickly and evasively, very slightly contaminated, very quick
A: beak, talons 3, nimble flight
a: Renounce Religion


You were in the Dungeon.
You worshipped Sif Muna.
Sif Muna was noncommittal.
You visited 1 branch

Inventory:

Hand Weapons
 k - a +1 broad axe of flaming
 l - a +2 heavy morningstar
 m - a +2 scimitar of holy wrath
Armour
 a - a +0 robe (worn)
 n - a +0 pair of gloves (worn)
 o - a +0 cloak (worn)
Jewellery
 p - a +2 ring of protection (left hand)
 q - a +3 ring of strength (right hand)
Wands
 j - a wand of light (10)
Scrolls
 g - 2 scrolls of blinking
 i - 2 scrolls of amnesia
Potions
 b - 4 potions of magic
 c - 5 potions of curing
 d - 2 potions of heal wounds
 e - a potion of haste
 f - a potion of berserk rage
 h - a potion of invisibility


   Skills:
 - Level 2.1 Dodging
 - Level 2.0 Stealth
 + Level 6.4 Spellcasting
 - Level 1.3 Conjurations
 * Level 12.9 Air Magic


You had 6 spell levels left.
You knew the following spells:

 Your Spells              Type           Power      Damage    Failure   Level
a - Shock                 Conj/Air       100%       1d9       1%          1
b - Swiftness             Air            49%        N/A       1%          3
c - Static Discharge      Conj/Air       58%        2-5/arc   1%          2
d - Airstrike             Air            24%        2d(4-20)  1%          4

Your spell library contained the following spells:

 Spells                   Type           Power      Damage    Failure   Level


Dungeon Overview and Level Annotations

Branches:
Dungeon (1/1)

Altars:
Cheibriados
Dithmenos
Elyvilon
Fedhas
Gozag
Hepliaklqana
Kikubaaqudgha
Makhleb
Nemelex Xobeh
Okawaru
Qazlal
Ru
Sif Muna
Trog
Uskayaw
Vehumet
Wu Jian
Xom
Yredelemnul
Zin
The Shining One
Jiyva
Lugonu


Innate Abilities, Weirdness & Mutations

You have a beak for a mouth.
You have claws for feet.
Your magical nature lets you fly swiftly and evasively.


Message History

The zap hits the gnoll sergeant.
The gnoll sergeant is moderately wounded.
The zap hits the gnoll sergeant.
The gnoll sergeant is almost dead.
The zap hits the kobold brigand.
The kobold brigand is heavily wounded.
The zap hits something.
Aiming: Shock (safe; 1% risk of failure)
Press: ? - help, Q - select action, (/) - cycle Shift-Dir - straight line, f/p - two-headed ogre
Aim: a two-headed ogre, wielding a +0 giant club and a +0 dire flail (moderately wounded, 88% to hit)
You miscast Shock.
You are very lightly contaminated with residual magic.
Nothing appears to happen.
Unknown command.
Aiming: Shock (safe; 1% risk of failure)
Press: ? - help, Q - select action, (/) - cycle Shift-Dir - straight line, f/p - two-headed ogre
Aim: a two-headed ogre, wielding a +0 giant club and a +0 dire flail (moderately wounded, 88% to hit)
The zap hits the two-headed ogre.
The two-headed ogre is moderately wounded.
The zap hits the gnoll sergeant.
The gnoll sergeant is heavily wounded.
The zap hits the gnoll sergeant.
You kill the gnoll sergeant!
Sif Muna accepts your kill.
The zap hits the kobold brigand.
The kobold brigand is almost dead.
The zap hits something.
Your Spellcasting skill increases to level 6!
Your Air Magic skill increases to level 12!
Unknown command.
Okay, then.
Casting: Shock (safe; 1% risk of failure)
Confirm with . or Enter, or press ? or * to list all spells.
Okay, then.
Casting: Shock (safe; 1% risk of failure)
Confirm with . or Enter, or press ? or * to list all spells.
You feel quick.
The two-headed ogre hits you with a +0 giant club!!
Ouch! That really hurt!
You die... ▓▓▓▓▓▓▓▓▓▓▓▓▓▓▓▓▓▓▓▓▓▓▓▓ _______'..)...[.@O)g.K{. ▓▓▓▓▓▓▓▓▓▓▓▓▓▓▓▓▓▓▓▓▓▓▓▓

You could see a two-headed ogre, a kobold brigand and a gnoll sergeant.

Vanquished Creatures
  A centaur (D)
  A gnoll sergeant (D)
  2 hounds (D)
  A white imp (D)
  2 orcs (D)
  An endoplasm (D)
  A goblin (D)
  2 kobolds (D)
  A ball python (D)
12 creatures vanquished.

Notes
Turn   | Place    | Note
-------+----------+-------------------------------------------
     0 | D        | rocky1 the Tengu Air Elementalist began the quest for the
                  | Orb.
     0 | D        | Reached XP level 1. HP: 10/10 MP: 4/4
     5 | D        | Reached skill level 5 in Air Magic
    44 | D        | Noticed a hound
    44 | D        | Noticed a hound
    48 | D        | Reached XP level 2. HP: 15/15 MP: 2/6
    52 | D        | Reached skill level 6 in Air Magic
    53 | D        | Reached skill level 8 in Air Magic
    53 | D        | Reached XP level 3. HP: 5/19 MP: 5/9
    55 | D        | Reached skill level 9 in Air Magic
    55 | D        | Reached XP level 4. HP: 7/24 MP: 3/11
   322 | D        | Found a snail-covered altar of Cheibriados.
   322 | D        | Found a shadowy altar of Dithmenos.
   322 | D        | Found a white marble altar of Elyvilon.
   322 | D        | Found a blossoming altar of Fedhas.
   322 | D        | Found an opulent altar of Gozag.
   323 | D        | Found a hazy altar of Hepliaklqana.
   324 | D        | Found a viscous altar of Jiyva.
   325 | D        | Found an ancient bone altar of Kikubaaqudgha.
   326 | D        | Found a corrupted altar of Lugonu.
   327 | D        | Found a burning altar of Makhleb.
   328 | D        | Found a sparkling altar of Nemelex Xobeh.
   329 | D        | Found an iron altar of Okawaru.
   330 | D        | Found a stormy altar of Qazlal.
   331 | D        | Found a sacrificial altar of Ru.
   332 | D        | Found a shimmering blue altar of Sif Muna.
   333 | D        | Found a bloodstained altar of Trog.
   334 | D        | Found a hide-covered altar of Uskayaw.
   335 | D        | Found a radiant altar of Vehumet.
   336 | D        | Found an ornate altar of the Wu Jian Council.
   337 | D        | Found a shimmering altar of Xom.
   338 | D        | Found a basalt altar of Yredelemnul.
   339 | D        | Found a glowing silver altar of Zin.
   340 | D        | Became a worshipper of Sif Muna the Loreminder
   341 | D        | Found a glowing golden altar of the Shining One.
   484 | D        | Learned a level 3 spell: Swiftness
   487 | D        | Learned a level 2 spell: Static Discharge
   492 | D        | Learned a level 4 spell: Airstrike
   492 | D        | Noticed a centaur
   492 | D        | Noticed a gnoll sergeant
   492 | D        | Noticed a gnoll sergeant
   492 | D        | Noticed a two-headed ogre
   492 | D        | Noticed a kobold brigand
   498 | D        | Killed a centaur
   499 | D        | Reached skill level 5 in Spellcasting
   499 | D        | Reached skill level 11 in Air Magic
   499 | D        | Gained mutation: Your magical nature lets you fly swiftly
                  | and evasively. [Tengu growth]
   499 | D        | Reached XP level 5. HP: 12/28 MP: 7/14
   502 | D        | Reached skill level 12 in Air Magic
   502 | D        | Mangled by a two-headed ogre

Illustrated notes

Levels and vault maps discovered:
D:        linesprint [early_d, line_temple, items_1, d_10, items_2, lair_1,
          lair_end, items_3, orc_1, orc_end, items_4, d_15, swamp_1, shoals_1,
          snake_1, spider_1, d_20, vaults_1, items_5, swamp_end, shoals_end,
          snake_end, spider_end, vaults_end, d_27, items_6, zot_1, zot_end,
          crypt_end, forest_end, elf_end, slime_end, tomb_end, abyss_end,
          pan_hell_end]

Skill      XL: |  1  2  3  4  5 |
---------------+----------------+-----
Air Magic      | 5 8 9 11 12 | 12.9
Spellcasting   | 3 4 5 6 |  6.4
Dodging        | |  2.1
Stealth        | |  2.0
Conjurations   | |  1.3

Action                     |  1- 3 |  4- 6 || total
---------------------------+-------+-------++-------
   Cast: Shock             |    10 |     7 ||    17
         Swiftness         |       |     1 ||     1
    Use: Potion            |     1 |     1 ||     2
 Armour: Robe              |     2 |       ||     2
  Dodge: Dodged            |     7 |     4 ||    11

Table legend: (Time is in decaauts)
 A = Elapsed time spent in this place.
 B = Non-inter-level travel time spent in this place.
 C = Inter-level travel time spent in this place.
 D = Time resting spent in this place.
 E = Time spent auto-exploring this place.
 F = Levels seen in this place.
 G = Mean time per level.
                   A        B        C        D        E       F      G
               +--------+--------+--------+--------+--------+-----+--------+
         Total |    501 |    501 |      0 |    393 |      0 |   1 |  501.0 |
       Dungeon |    501 |    501 |      0 |    393 |      0 |   1 |  501.0 |
               +--------+--------+--------+--------+--------+-----+--------+

Top non-repeatable levels by time:
       D: 501 daAuts
